 Dungeon Crawl Stone Soup version 0.17-a0-986-gf45d1aa (webtiles) character file.

181 oplop the Firebug (level 5, 0/25 HPs)
             Began as a Tengu Fire Elementalist on May 11, 2015.
             Succumbed to a water moccasin's poison
             ... on level 3 of the Dungeon.
             The game lasted 00:03:18 (2121 turns).

oplop the Firebug (Tengu Fire Elementalist)         Turns: 2121, Time: 00:03:18

Health: 0/25       AC:  3    Str:  6 (8)  XL:     5   Next: 61%
Magic:  2/11       EV: 18    Int: 17      God:
Gold:   152        SH:  0    Dex: 19      Spells: 3 memorised, 3 levels left

rFire  . . .     SeeInvis .     i - -3 dagger (curse)
rCold  . . .     Clarity  .     a - +0 robe
rNeg   . . .     SustAb   .     (no shield)
rPois  .         Gourm    .     (helmet restricted)
rElec  .         Spirit   .     (no cloak)
rCorr  .         Warding  .     (no gloves)
rMut   .         Stasis   .     (boots unavailable)
MR     .....                    (no amulet)
Stlth  +++.......               (no ring)
                                (no ring)

@: agile, lethally poisoned (0 -> -7), not resistant to hostile enchantments,
fairly stealthy
A: beak, horns 1, talons 3, frail 1, shaggy fur 1, able to fly 1
a: Fly


You were on level 3 of the Dungeon.
You were not hungry.

You visited 1 branch of the dungeon, and saw 3 of its levels.

You collected 152 gold pieces.

Inventory:

Hand weapons
 d - a +0 dagger
 i - a cursed -3 dagger (weapon)
Armour
 a - a +0 robe (worn)
 f - an ice dragon hide
Magical devices
 e - a wand of flame (14)
Scrolls
 h - 2 scrolls of identify
 k - 2 scrolls of teleportation
Books
 b - a book of Flames

   Spells                             Type                      Level
   a - Flame Tongue                   Conjuration/Fire             1
   b - Throw Flame                    Conjuration/Fire             2
   c - Conjure Flame                  Conjuration/Fire             3
   d - Inner Flame                    Hexes/Fire                   3
   e - Sticky Flame                   Conjuration/Fire             4
   f - Fireball                       Conjuration/Fire             5
Comestibles
 c - 4 bread rations
 g - 2 meat rations
 m - a slice of pizza


   Skills:
 - Level 2.1 Dodging
 - Level 2.0 Stealth
 + Level 3.3 Spellcasting
 + Level 4.2 Conjurations
 + Level 4.6 Fire Magic


You had 3 spell levels left.
You knew the following spells:

 Your Spells              Type           Power        Failure   Level  Hunger
a - Flame Tongue          Conj/Fire      ###..        2%          1    None
b - Conjure Flame         Conj/Fire      ###.....     10%         3    ###....
c - Inner Flame           Hex/Fire       ##......     21%         3    ###....


Dungeon Overview and Level Annotations

Branches:
Dungeon (3/15)

Altars:


Innate Abilities, Weirdness & Mutations

You have a beak for a mouth.
You have claws for feet.
You can fly.
You have a pair of small horns on your head.
You are frail (-10% HP).
You are covered in fur (AC +1).


Message History

It was a potion of degeneration.
There was something very wrong with that liquid.
You feel weakened.
* * * LOW HITPOINT WARNING * * *
You feel sick.
* * * LOW HITPOINT WARNING * * *
You feel sick.
* * * LOW HITPOINT WARNING * * *
You feel sick.
* * * LOW HITPOINT WARNING * * *
You feel sick.
* * * LOW HITPOINT WARNING * * *
You feel sick.
* * * LOW HITPOINT WARNING * * *
You feel sick.
There is an open door here.
You see here a club.
* * * LOW HITPOINT WARNING * * *
You feel sick.
You die...

######## #......# ########
#......# #......# #......#
##############......####......#
.......[.....)..@...'.>#......#
.......#######......##.#......#
.......# ###......##.#......#
.......# #........##.#......#
...#'### #.........(.##'###.#
.#.#.# #........#####.# #.#
#.#<# #..............# #.#
#.### ###....)#.#.###### #.#
#.#######.......รท.#.# #.#


There were no monsters in sight!

Vanquished Creatures
  A water moccasin (D:3)
  3 adders
  A giant gecko (D:1)
  4 orcs (D:3)
  3 giant cockroaches
  8 goblins
  6 hobgoblins
  5 kobolds
  A quokka (D:2)
  5 bats
  2 giant newts (D:1)
  8 rats
47 creatures vanquished.

Notes
Turn   | Place    | Note
--------------------------------------------------------------
     0 | D:1      | oplop the Tengu Fire Elementalist began the quest for the Orb.
     0 | D:1      | Reached XP level 1. HP: 10/10 MP: 4/4
   132 | D:1      | Reached XP level 2. HP: 6/15 MP: 6/6
   826 | D:2      | Reached XP level 3. HP: 19/19 MP: 4/7
   854 | D:2      | Learned a level 3 spell: Conjure Flame
  1088 | D:2      | Gained mutation: You are covered in fur (AC +1). [potion of mutation]
  1088 | D:2      | Gained mutation: You are frail (-10% HP). [potion of mutation]
  1088 | D:2      | Gained mutation: You have a pair of small horns on your head. [potion of mutation]
  1746 | D:3      | Reached skill level 4 in Fire Magic
  1746 | D:3      | Reached XP level 4. HP: 6/21 MP: 0/9
  2073 | D:3      | Learned a level 3 spell: Inner Flame
  2087 | D:3      | Noticed a water moccasin
  2110 | D:3      | Killed a water moccasin
  2110 | D:3      | Gained mutation: You can fly. [Tengu growth]
  2110 | D:3      | Reached XP level 5. HP: 10/25 MP: 0/11
  2120 | D:3      | HP: 1/25 [poisoned by a water moccasin]
  2121 | D:3      | Succumbed to a water moccasin's poison

Vault maps used:
D:1:      dpeg_arrival_short_road, columned_hall_lemuel
D:2:      first_bread, serial_bayou, serial_bayou_pond_b, serial_bayou_lagoon_a,
          serial_bayou_lake_a, serial_bayou_ford_a
D:3:      lemuel_round_altar

Action                   |  1- 3 |  4- 6 || total
-------------------------+-------+-------++-------
Melee: Dagger            |    64 |     1 ||    65
       Unarmed           |     2 |       ||     2
 Cast: Flame Tongue      |    45 |    21 ||    66
  Use: Scroll            |     2 |       ||     2
       Potion            |     1 |     2 ||     3
 Stab: Sleeping          |     1 |       ||     1
  Eat: Fruit             |     5 |       ||     5
       Chunk             |     1 |       ||     1
